TOP OF THE 1ST |
Chicago Tula batting - Pitching for Columbia River Rats : RHP Brandon McAllister
|
Pitching: RHP Brandon McAllister
|
|
Batting: RHB Gil Nichols
|
0-0: Ball 1-0: Ball 2-0: Ground out 6-3 (Groundball, 6M)
|
Batting: RHB Jorge Rodríguez
|
0-0: Fly out, F5 (Line Drive, 5)
|
Batting: LHB Cole Thrash
|
0-0: Ball 1-0: SINGLE (Groundball, 6M)
|
Batting: SHB Jake Richardson
|
0-0: Foul Ball, location: 2F 0-1: Ball 1-1: Ground out 3-1 (Groundball, 34)
|
Top of the 1st over - 0 run(s), 1 hit(s), 0 error(s), 1 left on base; Chicago 0 - Columbia 0 |
BOTTOM OF THE 1ST |
Columbia River Rats batting - Pitching for Chicago Tula : RHP Brian Collingwood
|
Pitching: RHP Brian Collingwood
|
|
Batting: RHB Marcos Calderón
|
0-0: Foul Ball, location: 2F 0-1: Foul Ball, location: 2F 0-2: Fly out, F8 (Popup, 8RS)
|
Batting: LHB António Ramos
|
0-0: Ball 1-0: Called Strike 1-1: Swinging Strike 1-2: Strikes out swinging
|
Batting: RHB Bryce Bancroft
|
0-0: Called Strike 0-1: Swinging Strike 0-2: Foul Ball, location: 2F 0-2: Ball 1-2: Foul Ball, location: 2F 1-2: Ball 2-2: SINGLE (Groundball, 4MD)
|
Batting: RHB Ron Spence
|
0-0: Ground out 5-3 (Groundball, 56)
|
Bottom of the 1st over - 0 run(s), 1 hit(s), 0 error(s), 1 left on base; Chicago 0 - Columbia 0 |
TOP OF THE 2ND |
Chicago Tula batting - Pitching for Columbia River Rats : RHP Brandon McAllister
|
Batting: LHB António González
|
0-0: Ball 1-0: Called Strike 1-1: Foul Ball, location: 2F 1-2: Fly out, F9 (Line Drive, 9S)
|
Batting: LHB Roberto Sánchez
|
0-0: Called Strike 0-1: Called Strike 0-2: Strikes out swinging
|
Batting: LHB Gerald Kaufman
|
0-0: Fly out, F8 (Flyball, 8LM)
|
Top of the 2nd over - 0 run(s), 0 hit(s), 0 error(s), 0 left on base; Chicago 0 - Columbia 0 |
BOTTOM OF THE 2ND |
Columbia River Rats batting - Pitching for Chicago Tula : RHP Brian Collingwood
|
Batting: LHB Luis Vicenteno
|
0-0: Called Strike 0-1: Called Strike 0-2: Strikes out looking
|
Batting: RHB Raúl Ortíz
|
0-0: Ball 1-0: Foul Ball, location: 2F 1-1: Swinging Strike 1-2: Foul Ball, location: 2F 1-2: Fly out, F8 (Flyball, 8LM)
|
Batting: RHB Enrique Correa
|
0-0: Ball 1-0: Foul Ball, location: 2F 1-1: Fly out, F8 (Flyball, 8LM)
|
Bottom of the 2nd over - 0 run(s), 0 hit(s), 0 error(s), 0 left on base; Chicago 0 - Columbia 0 |
TOP OF THE 3RD |
Chicago Tula batting - Pitching for Columbia River Rats : RHP Brandon McAllister
|
Batting: RHB Miguel Cruz
|
0-0: Ball 1-0: Ball 2-0: Foul Ball, location: 2F 2-1: Ground out 6-3 (Groundball, 6)
|
Batting: RHB Bryan Sanders
|
0-0: Foul Ball, location: 2F 0-1: Ball 1-1: Foul Ball, location: 2F 1-2: Fly out, F8 (Flyball, 8LM)
|
Batting: RHB Gil Nichols
|
0-0: Called Strike 0-1: Ball 1-1: Ball 2-1: Fly out, F9 (Flyball, 89M)
|
Top of the 3rd over - 0 run(s), 0 hit(s), 0 error(s), 0 left on base; Chicago 0 - Columbia 0 |
BOTTOM OF THE 3RD |
Columbia River Rats batting - Pitching for Chicago Tula : RHP Brian Collingwood
|
Batting: RHB Héctor Gallegos
|
0-0: Called Strike 0-1: Fly out, F8 (Flyball, 8LS)
|
Batting: LHB Juan Montés
|
0-0: Called Strike 0-1: Swinging Strike 0-2: Ball 1-2: Strikes out looking
|
Batting: RHB Marcos Calderón
|
0-0: Foul Ball, location: 2F 0-1: Ball 1-1: SOLO HOME RUN (Line Drive, 89XD), Distance : 416 ft
|
Batting: LHB António Ramos
|
0-0: Foul Ball, location: 2F 0-1: Called Strike 0-2: Ground out 3-1 (Groundball, 34)
|
Bottom of the 3rd over - 1 run(s), 1 hit(s), 0 error(s), 0 left on base; Chicago 0 - Columbia 1 |
TOP OF THE 4TH |
Chicago Tula batting - Pitching for Columbia River Rats : RHP Brandon McAllister
|
Batting: RHB Jorge Rodríguez
|
0-0: SINGLE (Groundball, 56D)
|
Batting: LHB Cole Thrash
|
0-0: Called Strike 0-1: Swinging Strike 0-2: Ball 1-2: Strikes out swinging
|
Batting: SHB Jake Richardson
|
0-0: Swinging Strike 0-1: Fly out, F9 (Line Drive, 9LM)
|
Batting: LHB António González
|
0-0: Ball 1-0: Ground out 4-3 (Groundball, 34)
|
Top of the 4th over - 0 run(s), 1 hit(s), 0 error(s), 1 left on base; Chicago 0 - Columbia 1 |
BOTTOM OF THE 4TH |
Columbia River Rats batting - Pitching for Chicago Tula : RHP Brian Collingwood
|
Batting: RHB Bryce Bancroft
|
0-0: Ball 1-0: Called Strike 1-1: Foul Ball, location: 2F 1-2: Foul Ball, location: 2F 1-2: Ball 2-2: Ground out 3-1 (Groundball, 34S)
|
Batting: RHB Ron Spence
|
0-0: Swinging Strike 0-1: Ground out 5-3 (Groundball, 5)
|
Batting: LHB Luis Vicenteno
|
0-0: Called Strike 0-1: Called Strike 0-2: Foul Ball, location: 2F 0-2: Ball 1-2: Ball 2-2: Strikes out swinging
|
Bottom of the 4th over - 0 run(s), 0 hit(s), 0 error(s), 0 left on base; Chicago 0 - Columbia 1 |
TOP OF THE 5TH |
Chicago Tula batting - Pitching for Columbia River Rats : RHP Brandon McAllister
|
Batting: LHB Roberto Sánchez
|
0-0: Swinging Strike 0-1: Foul Ball, location: 2F 0-2: Foul Ball, location: 2F 0-2: Strikes out swinging
|
Batting: LHB Gerald Kaufman
|
0-0: Called Strike 0-1: Swinging Strike 0-2: Foul Ball, location: 2F 0-2: Ball 1-2: Strikes out looking
|
Batting: RHB Miguel Cruz
|
0-0: Ball 1-0: Foul Ball, location: 2F 1-1: Swinging Strike 1-2: Ball 2-2: Ball 3-2: Base on Balls
|
Batting: RHB Bryan Sanders
|
0-0: Called Strike 0-1: SINGLE (Groundball, 56) Miguel Cruz to second
|
Batting: RHB Gil Nichols
|
0-0: Ball 1-0: Foul Ball, location: 2F 1-1: Ball 2-1: Foul Ball, location: 2F 2-2: Strikes out swinging
|
Top of the 5th over - 0 run(s), 1 hit(s), 0 error(s), 2 left on base; Chicago 0 - Columbia 1 |
BOTTOM OF THE 5TH |
Columbia River Rats batting - Pitching for Chicago Tula : RHP Brian Collingwood
|
Batting: RHB Raúl Ortíz
|
0-0: Ball 1-0: Ball 2-0: Swinging Strike 2-1: SINGLE (Line Drive, 4MD)
|
Batting: RHB Enrique Correa
|
0-0: Sac Bunt - play at first, batter OUT! 4-3 Raúl Ortíz to second
|
Batting: RHB Héctor Gallegos
|
0-0: Ball 1-0: Called Strike 1-1: Foul Ball, location: 2F 1-2: Strikes out swinging
|
Batting: LHB Juan Montés
|
0-0: Ball 1-0: Ball 2-0: Swinging Strike 2-1: Foul Ball, location: 2F 2-2: Ball 3-2: Base on Balls
|
Batting: RHB Marcos Calderón
|
0-0: SINGLE (Line Drive, 3) Raúl Ortíz to third Juan Montés to second Runner from 3rd tries for Home, SAFE, no throw or cutoff
|
Batting: LHB António Ramos
|
0-0: Ball 1-0: Called Strike 1-1: Fly out, F6 (Line Drive, 6M)
|
Bottom of the 5th over - 1 run(s), 2 hit(s), 0 error(s), 2 left on base; Chicago 0 - Columbia 2 |
TOP OF THE 6TH |
Chicago Tula batting - Pitching for Columbia River Rats : RHP Brandon McAllister
|
Batting: RHB Jorge Rodríguez
|
0-0: Swinging Strike 0-1: Foul Ball, location: 2F 0-2: DOUBLE (Line Drive, 5D)
|
Batting: LHB Cole Thrash
|
0-0: Ball 1-0: Ball 2-0: Fly out, F9 (Flyball, 9LM)
|
Batting: SHB Jake Richardson
|
0-0: Foul Ball, location: 2F 0-1: Swinging Strike 0-2: Fly out, F8 (Flyball, 8LM)
|
Batting: LHB António González
|
0-0: Called Strike 0-1: Ball Wild Pitch! Jorge Rodríguez to third 1-1: Ball 2-1: Ball 3-1: Fly out, F4 (Line Drive, 4M)
|
Top of the 6th over - 0 run(s), 1 hit(s), 0 error(s), 1 left on base; Chicago 0 - Columbia 2 |
BOTTOM OF THE 6TH |
Columbia River Rats batting - Pitching for Chicago Tula : RHP Brian Collingwood
|
Batting: RHB Bryce Bancroft
|
0-0: Swinging Strike 0-1: Ball 1-1: Foul Ball, location: 2F 1-2: Fly out, F8 (Flyball, 8LM)
|
Batting: RHB Ron Spence
|
0-0: Ball 1-0: Ball 2-0: Called Strike 2-1: Foul Ball, location: 2F 2-2: Ball 3-2: Base on Balls
|
Batting: LHB Luis Vicenteno
|
0-0: Called Strike 0-1: Grounds into double play, 3-6-3 (Groundball, 3)
|
Bottom of the 6th over - 0 run(s), 0 hit(s), 0 error(s), 0 left on base; Chicago 0 - Columbia 2 |
TOP OF THE 7TH |
Chicago Tula batting - Pitching for Columbia River Rats : RHP Brandon McAllister
|
Batting: LHB Roberto Sánchez
|
0-0: Ball 1-0: Ball 2-0: SINGLE (Line Drive, 34D)
|
Batting: LHB Gerald Kaufman
|
0-0: Called Strike 0-1: Ball 1-1: Bunted foul 1-2: Ball 2-2: Grounds into double play, 4-6-3 (Groundball, 4)
|
Batting: RHB Miguel Cruz
|
0-0: Called Strike 0-1: Fly out, F8 (Flyball, 8RM)
|
Top of the 7th over - 0 run(s), 1 hit(s), 0 error(s), 0 left on base; Chicago 0 - Columbia 2 |
BOTTOM OF THE 7TH |
Columbia River Rats batting - Pitching for Chicago Tula : RHP Brian Collingwood
|
Batting: RHB Raúl Ortíz
|
0-0: Ball 1-0: Ball 2-0: Ball 3-0: Called Strike 3-1: Called Strike 3-2: SINGLE (Line Drive, 8LS)
|
Batting: RHB Enrique Correa
|
0-0: Ball 1-0: Sac Bunt - play at first, batter safe! Raúl Ortíz to second
|
Batting: RHB Héctor Gallegos
|
0-0: Sac Bunt - play at first, batter OUT! 1-4 Raúl Ortíz to third Enrique Correa to second
|
Batting: LHB Juan Montés
|
0-0: Intentional Walk
|
Pinch Hitting: RHB Jim Unknown
|
0-0: DOUBLE (Line Drive, 7LM) Raúl Ortíz scores Enrique Correa scores Juan Montés to third
|
Batting: LHB António Ramos
|
0-0: Called Strike 0-1: Swinging Strike 0-2: DOUBLE (Flyball, 8LXD) Juan Montés scores Jim Unknown scores
|
Pitching: RHP Jim Unknown
|
|
Batting: RHB Bryce Bancroft
|
0-0: Foul Ball, location: 2F 0-1: Ball 1-1: Ground out 5-3 (Groundball, 56S) António Ramos to third
|
Batting: RHB Ron Spence
|
0-0: Ball 1-0: Called Strike 1-1: Called Strike 1-2: Ball 2-2: Ground out 5-3 (Groundball, 5)
|
Bottom of the 7th over - 4 run(s), 4 hit(s), 0 error(s), 1 left on base; Chicago 0 - Columbia 6 |
TOP OF THE 8TH |
Chicago Tula batting - Pitching for Columbia River Rats : RHP Brandon McAllister
|
Now at 1B: Jim Unknown
|
|
Batting: RHB Bryan Sanders
|
0-0: Ball 1-0: Ground out 5-3 (Groundball, 5)
|
Batting: RHB Gil Nichols
|
0-0: Called Strike 0-1: Ball 1-1: Ball 2-1: Fly out, F9 (Flyball, 89S)
|
Batting: RHB Jorge Rodríguez
|
0-0: DOUBLE (Line Drive, 7LS)
|
Batting: LHB Cole Thrash
|
0-0: Fly out, F7 (Flyball, 7LM)
|
Top of the 8th over - 0 run(s), 1 hit(s), 0 error(s), 1 left on base; Chicago 0 - Columbia 6 |
BOTTOM OF THE 8TH |
Columbia River Rats batting - Pitching for Chicago Tula : RHP Jim Unknown
|
Batting: LHB Luis Vicenteno
|
0-0: Ball 1-0: Ground out 1-3 (Groundball, 15)
|
Batting: RHB Raúl Ortíz
|
0-0: Ball 1-0: SINGLE (Groundball, 34D)
|
Batting: RHB Enrique Correa
|
0-0: Ball 1-0: Called Strike 1-1: Fly out, F4 (Popup, 34)
|
Batting: RHB Héctor Gallegos
|
0-0: Fly out, F7 (Flyball, 7S)
|
Bottom of the 8th over - 0 run(s), 1 hit(s), 0 error(s), 1 left on base; Chicago 0 - Columbia 6 |
TOP OF THE 9TH |
Chicago Tula batting - Pitching for Columbia River Rats : RHP Brandon McAllister
|
Batting: SHB Jake Richardson
|
0-0: Ball 1-0: Ball 2-0: Ball 3-0: Called Strike 3-1: Fly out, F7 (Flyball, 7M)
|
Batting: LHB António González
|
0-0: Ball 1-0: Foul Ball, location: 2F 1-1: Ball 2-1: SINGLE (Line Drive, 9S)
|
Batting: LHB Roberto Sánchez
|
0-0: Ball 1-0: Fly out, F7 (Flyball, 78M)
|
Batting: LHB Gerald Kaufman
|
0-0: Ball 1-0: Fly out, F5 (Popup, 5L)
|
Top of the 9th over - 0 run(s), 1 hit(s), 0 error(s), 1 left on base; Chicago 0 - Columbia 6 |
|